 Dungeon Crawl Stone Soup version 0.29.0-10-g45618ea6d2 (webtiles) character file.

Game seed: 16182012169100856890

65597 Anothat the Brawler (level 15, -2/132 (138) HPs)
             Began as a Ghoul Monk on Aug 29, 2022.
             Was an Elder of Ru.
             Blown up by an orb spider (62 damage)
             ... with an orb of destruction
             ... summoned by a broodmother
             ... on level 2 of the Spider Nest on Sept 1, 2022.
             The game lasted 00:57:18 (26827 turns).

Anothat the Brawler (Ghoul Monk)                   Turns: 26827, Time: 00:57:19

HP:   -2/132 (138)  AC: 20    Str: 23    XL:     15   Next: 17%
MP:   14/14         EV: 10    Int:  5    God:    Ru [****..]
Gold: 1385          SH:  0    Dex: 11    Spells: 14/14 levels left

rFire   . . .      SeeInvis +     - Unarmed
rCold   + . .      Faith    .   (no shield)
rNeg    + + +      Spirit   .   A - +1 plate armour of Submission {rCorr}
rPois   ∞          Reflect  .   (no helmet)
rElec   .          Harm     .   c - +1 cloak
rCorr   +          Rampage  .   (no gloves)
Will    ++...                   x - +0 pair of boots
Stlth   ..........              h - amulet of the acrobat
HPRegen 0.00/turn               t - ring of willpower
MPRegen 0.14/turn               E - ring of see invisible

@: exhausted, about to teleport, inhibited regen, lightly drained
A: claws 1, cold resistance 1, negative energy resistance 3, inhibited
regeneration, torment resistance 2, inability to use devices, hated by all, no
conjurations magic, no fire magic, no transmutations magic, devour on kill
a: Renounce Religion, Draw Out Power, Power Leap


You were on level 2 of the Spider Nest.
You worshipped Ru.
Ru was greatly pleased with you.
You visited 3 branches of the dungeon, and saw 17 of its levels.

You collected 1625 gold pieces.
You spent 240 gold pieces at shops.

Inventory:

Hand Weapons
 a - a +1 demon whip of venom
 r - a +6 vorpal demon blade
Missiles
 B - 5 silver javelins (quivered)
Armour
 c - a +1 cloak (worn)
 g - a +3 chain mail of willpower
 i - +2 steam dragon scales
 x - a +0 pair of boots (worn)
 A - the +1 plate armour of Submission (worn) {rCorr}
   (You found it on level 5 of the Lair of Beasts)

   rCorr:     It protects you from acid and corrosion.
 F - a +0 kite shield
Jewellery
 d - an amulet of regeneration
 h - an amulet of the acrobat (around neck)
 q - an amulet of magic regeneration
 t - a ring of willpower (left claw)
 E - a ring of see invisible (right claw)
Scrolls
 m - a scroll of teleportation
 o - 2 scrolls of immolation
 v - 4 scrolls of identify
 y - 4 scrolls of poison
 z - a scroll of magic mapping
Potions
 b - a potion of flight
 e - 2 potions of brilliance
 f - 9 potions of degeneration
 j - a potion of might
 k - 2 potions of haste
 l - a potion of magic
 n - 6 potions of cancellation
 p - 2 potions of mutation
 s - 3 potions of curing
 u - a potion of berserk rage
 w - a potion of ambrosia
 C - a potion of invisibility


   Skills:
 + Level 14.1 Fighting
 + Level 11.6 Armour
 - Level 8.4 Dodging
 - Level 2.1 Stealth
 + Level 1.2 Shields
 * Level 19.2 Unarmed Combat


You had 14 spell levels left.
You didn't know any spells.
Your spell library contained the following spells:

 Spells                   Type           Power      Damage    Failure   Level
 Sandblast                Erth           0%         2d4       99%         1
 Blink                    Tloc           0%         N/A       100%        2
 Lesser Beckoning         Tloc           0%         N/A       100%        3
 Swiftness                Air            0%         N/A       100%        3
 Airstrike                Air            0%         2d(0-16)  100%        4
 Manifold Assault         Tloc           0%         N/A       100%        5
 Shock                    Conj/Air       Unusable   1d3       N/A         1
 Passwall                 Tmut/Erth      Unusable   N/A       N/A         2
 Stone Arrow              Conj/Erth      Unusable   3d7       N/A         3
 Summon Guardian Golem    Hex/Summ       Unusable   N/A       N/A         3
 Orb of Destruction       Conj           Unusable   9d5       N/A         7
 Spellforged Servitor     Conj/Summ      Unusable   N/A       N/A         7

Dungeon Overview and Level Annotations

Branches:
Dungeon (10/15)            Temple (0/1) D:7            Lair (5/5) D:9
  Swamp (0/4) Lair:2       Spider (2/4) Lair:3        Slime (0/5) Lair:5
    Orc (0/2) D:9

Altars:
Ashenzari
Cheibriados
Gozag
Kikubaaqudgha
Okawaru
Qazlal
Ru
Sif Muna
Trog
Uskayaw
Wu Jian
Xom

Shops:
D:1 =   D:8 ::[?

Annotations:
D:5 3 runed translucent doors, Ge0ff's ghost, weakling MeDe; sanka's ghost, weakling MeDe
D:6 1 runed translucent door, Crazy Yiuf
D:9 2 transporters, exclusion: ice statue, initializr's ghost, novice GrEE


Innate Abilities, Weirdness & Mutations

You are immune to poison.
You have sharp fingernails.
Your flesh is cold resistant. (rC+)
You are immune to negative energy. (rN+++)
You do not regenerate when monsters are visible.
You are immune to unholy pain and torment.
You cannot study or use magical devices.
You are hated by all.
You cannot study or cast Conjurations magic.
You cannot study or cast Fire magic.
You cannot study or cast Transmutations magic.
You thrive by killing the living.


Message History

The redback bites you. The culicivora closely misses you.
You barely miss the broodmother. You claw the broodmother!
The broodmother is moderately wounded.
You redirect the broodmother's attack!
The broodmother bites you! The redback bites you!
The culicivora bites you but does no damage.
You mangle the broodmother!!
The broodmother is heavily wounded.
The orb spider pulsates with a strange energy.
The broodmother bites you!!
The redback is stunned by your conviction and fails to attack.
The culicivora bites you!
Press: ? - help, v - describe, . - travel The floor.
As you read the scroll of teleportation, it crumbles to dust.
You feel strangely unstable.
The redback bites you but does no damage.
The broodmother bites you!
* * * LOW HITPOINT WARNING * * *
You focus your inner power and blind the broodmother in retribution!
The culicivora completely misses you.
Okay, then.
You are restored by drawing out deep reserves of power within.
You feel drained.
The redback bites you but does no damage.
The culicivora bites you.
You focus your inner power and blind the culicivora in retribution!
The orb spider weaves a glowing orb of energy.
The broodmother begins to attack, but is stunned by your conviction!
The redback barely misses you. The culicivora barely misses you.
An orb of destruction comes into view.
You claw the broodmother! You claw the broodmother!!
The broodmother is severely wounded.
The broodmother summons spiders!
The redback barely misses you. The culicivora completely misses you.
You mangle the broodmother!!
You claw the broodmother, but do no damage.
The broodmother is almost dead.
The orb of destruction hits you!!!
You die...

##...#. #.....#####.......†..##
^...... #....##...~...........#
[... .. ##..^#....#.......#####
... ... #........#####........
####. .... ####....^.#.....†.....
^..# ... #.......#...........
...#### ##..###...^.##.....###..
.?.##^## #.....##s....###.....~#.
....#..####..$.s@s....#^.......#≈
....#..#..#...$s.○....#....####~.
[...#..#..#..s##.☼....#........~.
#........######..s^...#.......##.
#.............######.......####..
~##..............?...^...........
..#####....................)...##
......##.#..)......#.....#.....^#
##.....###.....^...#.....#.....~#


You could see a broodmother (blind, extremely poisoned), a wolf spider
(summoned), an orb spider (summoned), a culicivora (summoned, blind), a jumping
spider (summoned) and a redback.

Vanquished Creatures
  Asterion (Spider:1)
  Donald (Spider:1)
  An emperor scorpion (Spider:1)
  Josephine (Spider:1)
  Harold (D:9)
  5 boulder beetles
  2 hydras (Lair:2)
  4 catoblepae
  2 two-headed ogres
  9 death yaks
  Amaemon (D:8)
  2 pharaoh ants (Spider:1)
  4 orb spiders
  2 steelbarb worms (Spider:1)
  3 moths of wrath
  9 wolf spiders
  A manticore (Lair:5)
  3 black mambas (Lair:5)
  Maggie (D:6)
  4 torpor snails
  An orange demon (D:8)
  9 elephants
  5 komodo dragons
  3 rime drakes
  11 cane toads
  4 burning bushes (Lair:2)
  2 polar bears
  A tyrant leech (Lair:2)
  6 tarantellas
  14 blink frogs
  12 jumping spiders
  8 culicivoras
  5 wraiths (Spider:1)
  58 yaks
  A centaur simulacrum (D:10)
  A vampire (D:8)
  4 wyverns
  4 basilisks
  2 steam dragons
  23 redbacks
  Menkaure (D:6)
  4 vampire mosquitoes (D:7)
  13 water moccasins
  Duvessa (D:6)
  5 orc warriors
  A swamp drake (D:9)
  2 sky beasts
  4 ice beasts
  2 black bears
  2 ogres
  5 wolves (Lair:1)
  4 centaurs
  Blork the orc (D:6)
  2 kobold brigands
  4 scorpions
  2 necrophages
  9 bullfrogs
  4 wights (D:8)
  Dowan (D:6)
  5 killer bees (D:9)
  3 howler monkeys
  4 electric eels
  3 hounds (D:5)
  3 jellies
  5 orc priests
  6 iguanas
  3 orc wizards
  5 adders
  2 gnolls (D:4)
  A river rat (D:9)
  12 white imps (Lair:2)
  An ufetubus (D:10)
  2 worms
  3 dart slugs
  37 orcs
  5 endoplasms
  3 giant cockroaches
  12 goblins
  12 hobgoblins
  4 jackals (D:1)
  14 kobolds
  4 quokkas
  10 ball pythons
  8 bats
  A frilled lizard (D:3)
  4 rats
470 creatures vanquished.

Vanquished Creatures (others)
  A manticore (Lair:5)
  A scorpion (D:5)
  An iguana (D:5)
  An ufetubus (D:10)
  70 bushes (Lair:5)
  20 fungi
  75 plants
  6 withered plants (D:5)
175 creatures vanquished.

Grand Total: 645 creatures vanquished

Notes
Turn   | Place    | Note
-------+----------+-------------------------------------------
     0 | D:1      | Anothat the Ghoul Monk began the quest for the Orb.
     0 | D:1      | Reached XP level 1. HP: 19/19 MP: 0/0
    89 | D:1      | Reached XP level 2. HP: 26/26 MP: 1/1
   212 | D:1      | Found Neracw's Jewellery Boutique.
   449 | D:1      | Reached skill level 4 in Unarmed Combat
   449 | D:1      | Reached XP level 3. HP: 31/31 MP: 2/2
   739 | D:1      | Found a faded altar of an unknown god.
   902 | D:1      | Prayed at the altar of an unknown god.
   902 | D:1      | Became a worshipper of Ru the Awakened
   906 | D:1      | Gained mutation: You cannot study or cast Fire magic. [Ru
                  | sacrifice]
   906 | D:1      | Gained mutation: You cannot study or cast Transmutations
                  | magic. [Ru sacrifice]
   906 | D:1      | Gained mutation: You cannot study or cast Conjurations
                  | magic. [Ru sacrifice]
   906 | D:1      | Reached * piety under Ru
  1382 | D:2      | Reached XP level 4. HP: 30/40 MP: 3/3
  2891 | D:3      | Found an opulent altar of Gozag.
  2893 | D:3      | Found a shimmering altar of Xom.
  2893 | D:3      | Found a bloodstained altar of Trog.
  2896 | D:3      | Reached XP level 5. HP: 45/46 MP: 4/4
  2902 | D:3      | Found a shimmering blue altar of Sif Muna.
  2902 | D:3      | Found a sacrificial altar of Ru.
  2902 | D:3      | Found a shimmering altar of Xom.
  3189 | D:4      | Reached skill level 5 in Unarmed Combat
  3932 | D:4      | Found a broken altar of Ashenzari.
  4125 | D:4      | Gained mutation: You cannot study or use magical devices.
                  | [Ru sacrifice]
  4125 | D:4      | Reached ** piety under Ru
  4125 | D:4      | Reached *** piety under Ru
  4193 | D:4      | Reached XP level 6. HP: 51/53 MP: 5/5
  4403 | D:4      | Found an iron altar of Okawaru.
  4918 | D:5      | Entered Level 5 of the Dungeon
  4950 | D:5      | Reached skill level 6 in Unarmed Combat
  4998 | D:5      | Noticed a black bear
  5003 | D:5      | Killed a black bear
  5004 | D:5      | Reached skill level 5 in Fighting
  5041 | D:5      | Noticed an ice beast
  5054 | D:5      | Reached XP level 7. HP: 51/61 MP: 6/6
  5245 | D:5      | Found a runed translucent gate.
  5246 | D:5      | Found a runed translucent gate.
  5247 | D:5      | Found a runed translucent gate.
  5248 | D:5      | Noticed sanka's ghost (weakling MeDe)
  5250 | D:5      | Noticed Ge0ff's ghost (weakling MeDe)
  5265 | D:5      | Reached skill level 7 in Unarmed Combat
  5661 | D:5      | Found a snail-covered altar of Cheibriados.
  5735 | D:5      | Found an opulent altar of Gozag.
  6017 | D:6      | Reached XP level 8. HP: 41/70 MP: 7/7
  6331 | D:6      | Reached skill level 5 in Dodging
  6331 | D:6      | Reached skill level 8 in Unarmed Combat
  6384 | D:6      | Noticed Duvessa
  6386 | D:6      | Noticed Dowan
  6409 | D:6      | Killed Duvessa
  6415 | D:6      | Killed Dowan
  6695 | D:6      | Noticed Maggie
  6731 | D:6      | Killed Maggie
  6738 | D:6      | Reached skill level 9 in Unarmed Combat
  7011 | D:6      | Found a runed translucent door.
  7012 | D:6      | Noticed Crazy Yiuf
  7111 | D:6      | Noticed Blork the orc
  7114 | D:6      | Noticed Menkaure
  7118 | D:6      | Killed Blork the orc
  7133 | D:6      | Reached XP level 9. HP: 72/78 MP: 8/8
  7135 | D:6      | Killed Menkaure
  7244 | D:6      | Found a hide-covered altar of Uskayaw.
  7810 | D:7      | Reached skill level 10 in Unarmed Combat
  8405 | D:7      | Found a staircase to the Ecumenical Temple.
  8434 | D:7      | Found an ornate altar of the Wu Jian Council.
  8619 | D:7      | Found a stormy altar of Qazlal.
  8843 | D:8      | Noticed Amaemon
  8846 | D:8      | Noticed an orange demon
  9095 | D:8      | Killed an orange demon
  9096 | D:8      | Reached skill level 11 in Unarmed Combat
  9096 | D:8      | Reached XP level 10. HP: 72/88 MP: 9/9
  9122 | D:8      | HP: 4/88 [Amaemon/+1 demon whip of venom (5)]
  9127 | D:8      | Killed Amaemon
  9467 | D:8      | Found Siam's Antique Armour Shoppe.
  9475 | D:8      | Bought a runed cloak for 240 gold pieces
  9522 | D:8      | Found Jucidisch's Book Emporium.
  9596 | D:8      | Found Unorass Reus's Book Shop.
  9724 | D:8      | Reached skill level 12 in Unarmed Combat
  9913 | D:8      | Found Dobofib's Magic Scroll Shop.
 10081 | D:9      | Found an ancient bone altar of Kikubaaqudgha.
 10094 | D:9      | Noticed a death yak
 10094 | D:9      | Noticed a death yak
 10095 | D:9      | Found a staircase to the Lair.
 10096 | D:9      | Noticed a death yak
 10431 | D:9      | Found a transporter.
 10437 | D:9      | Found a transporter.
 10527 | D:9      | Noticed initializr's ghost (novice GrEE)
 10553 | D:9      | Noticed a two-headed ogre
 10558 | D:9      | Killed a two-headed ogre
 10681 | D:9      | Noticed Harold
 10697 | D:9      | Killed Harold
 10877 | D:9      | Killed a death yak
 10878 | D:9      | Reached skill level 13 in Unarmed Combat
 10878 | D:9      | Reached XP level 11. HP: 43/99 MP: 10/10
 10879 | D:9      | Killed a death yak
 10880 | D:9      | Killed a death yak
 10881 | D:9      | Reached skill level 10 in Fighting
 10882 | D:9      | Found a staircase to the Orcish Mines.
 10890 | D:9      | Identified the +1 animal skin of Going Fast {rN+ rCorr}
 10917 | D:9      | HP: 1/99 [orc priest/divine providence (13)]
 11641 | D:9      | Found a bloodstained altar of Trog.
 11757 | D:10     | Entered Level 10 of the Dungeon
 11783 | D:10     | Reached skill level 1 in Armour
 11911 | D:10     | Noticed a two-headed ogre
 11918 | D:10     | Killed a two-headed ogre
 12052 | Lair:1   | Entered Level 1 of the Lair of Beasts
 12127 | Lair:1   | Reached skill level 14 in Unarmed Combat
 12889 | Lair:1   | Reached XP level 12. HP: 108/108 MP: 11/11
 13104 | Lair:1   | Reached skill level 5 in Armour
 13955 | Lair:2   | Reached skill level 15 in Unarmed Combat
 14134 | Lair:2   | Noticed a boulder beetle
 14148 | Lair:2   | Gained mutation: You are hated by all. [Ru sacrifice]
 14148 | Lair:2   | Reached **** piety under Ru
 14160 | Lair:2   | Killed a boulder beetle
 14280 | Lair:2   | Noticed a catoblepas
 14313 | Lair:2   | Killed a catoblepas
 15360 | Lair:2   | Noticed a five-headed hydra
 15839 | Lair:3   | You fall into a shaft and drop 1 floor!
 16079 | Lair:4   | Reached skill level 16 in Unarmed Combat
 17007 | Lair:3   | Identified the +7 quarterstaff "Leinascha" {vorpal, rN+
                  | rCorr Str+5}
 17286 | Lair:3   | Found a hole to the Spider Nest.
 17365 | Lair:3   | Reached XP level 13. HP: 98/117 MP: 12/12
 18089 | Lair:5   | Entered Level 5 of the Lair of Beasts
 19176 | Lair:5   | Found a staircase to the Slime Pits.
 19329 | Lair:5   | Reached skill level 17 in Unarmed Combat
 20160 | Lair:5   | Reached XP level 14. HP: 66/127 MP: 13/13
 20410 | Lair:5   | Reached skill level 10 in Armour
 20479 | Lair:5   | Identified the +1 plate armour of Submission {rCorr}
 20876 | Lair:5   | Identified the +5 sling of the Spheres {vorpal, Dex+4}
 21178 | Lair:5   | Upgraded the game from 0.29.0-5-ge4962eb29e to
                  | 0.29.0-10-g45618ea6d2
 21576 | Lair:2   | Found a staircase to the Swamp.
 21809 | Spider:1 | Entered Level 1 of the Spider Nest
 21849 | Spider:1 | Noticed Donald
 21859 | Spider:1 | Killed Donald
 21860 | Spider:1 | Reached skill level 18 in Unarmed Combat
 22600 | Spider:1 | Noticed Josephine
 22637 | Spider:1 | Killed Josephine
 23961 | Spider:1 | Noticed Asterion
 23979 | Spider:1 | Killed Asterion
 23981 | Spider:1 | Noticed an emperor scorpion
 23988 | Spider:1 | Killed an emperor scorpion
 25511 | Spider:2 | Reached skill level 19 in Unarmed Combat
 25511 | Spider:2 | Reached XP level 15. HP: 120/137 MP: 14/14
 26566 | Spider:2 | Reached skill level 1 in Shields
 26827 | Spider:2 | Blown up by an orb spider

Illustrated notes

Levels and vault maps discovered:
D:1:      dpeg_arrival_morbid_curiosity, layout_basic, serial_shops,
          nicolae_shop_statue_plus, ebering_ecumenical_altar_ruins
D:2:      layout_loops_ring
D:3:      layout_basic, doesnt_xom_only_xom
D:4:      layout_loops_ring, okawaru_altar_gauntlet_db,
          cheibrodos_ashenzari_chains, serial_rivers,
          chequers_serial_rivers_micro_e, chequers_serial_rivers_micro_d,
          chequers_serial_rivers_micro_e, chequers_serial_rivers_small_b,
          chequers_serial_rivers_small_a, chequers_serial_rivers_room_b,
          amethyst_killhole, chequers_serial_rivers_micro_e
D:5:      layout_basic, cheibrodos_worm_habitat, nicolae_gozag_seed_capital,
          gammafunk_ghost_cemetery, amcnicky_mini_rare_corridor_liquid,
          minmay_misc_feat_doors
D:6:      layout_cave_pods, nicolae_uskayaw_suspiria, uniq_crazy_yiuf_cottage,
          uniq_menkaure, uniq_maggie, uniq_duvessa, uniq_blork_the_orc
D:7:      layout_basic, pdpol_wu_jian_five_deadly_venoms,
          general_overflow_altar, temple_fountains
D:8:      layout_loops_cross, serial_shops,
          nicolae_shop_competitors_out_of_business, nicolae_shop_trees, shop,
          nicolae_diamond_shop, nzn_life_drinkers, uniq_amaemon
D:9:      layout_gridville, mainiacjoe_overflow_paths, trog_hazing_becter,
          lemuel_round_altar, dpeg_lair_monsters, erik_orc_1,
          gammafunk_ghost_stat_death, hangedman_decor_slide_cut,
          grunt_ministairs_10, minivault_15, kennysheep_generic_room_11,
          uniq_harold
D:10:     layout_roguey, mainiacjoe_overflow_swirl, serial_ice, serial_ice_k,
          serial_ice_d, serial_ice_n, serial_ice_b, serial_ice_c, serial_ice_o
Lair:1:   layout_chaotic_city, gauntlet_entry_generic
Lair:2:   layout_regular_city, palyth_hydra_swamp_entry,
          portal_ice_cave_entry_imps, st_stairs_13, evilmike_ambush
          [evilmike_ambush_outer_basic, evilmike_ambush_inner_basic]
Lair:3:   layout_gridlike, spider_nest_entry_rubble,
          grunt_forest_small_clearings, lemuel_fruit_tree,
          infiniplex_staircase_pool
Lair:4:   layout_roguey
Lair:5:   evilmike_catoblepas_cave, layout_regular_city, slime_entry_1,
          minmay_hedge_maze, grunt_megastairs_5, serial_bayou_shore_a
Spider:1: layout_spider_delve, uniq_donald, uniq_josephine, uniq_asterion
Spider:2: layout_spider_delve, nicolae_spider_cling_ruins,
          nicolae_looking_at_the_future, uniq_aizul

Skill      XL: |  1  2  3  4  5  6  7  8  9 10 11 12 13 14 15 |
---------------+----------------------------------------------+-----
Unarmed Combat | 4 5 6 7 9 11 13 14 16 17 19 | 19.2
Dodging        | 3 4 5 6 8 |  8.4
Fighting       | 4 5 6 8 9 10 11 12 13 14 | 14.1
Armour         | 4 7 9 11 | 11.6
Shields        | 1 |  1.2
Stealth        | |  2.1

Action                   |  1- 3 |  4- 6 |  7- 9 | 10-12 | 13-15 || total
-------------------------+-------+-------+-------+-------+-------++-------
Melee: Unarmed           |   109 |   223 |   222 |   662 |   804 ||  2020
       Punch             |     3 |     3 |    21 |    64 |    98 ||   189
       Demon whip        |       |       |       |     3 |       ||     3
Throw: Throwing net      |       |       |     4 |     5 |     2 ||    11
       Javelin           |       |       |       |     5 |     2 ||     7
Invok: Sacrifice Arcana  |     1 |       |       |       |       ||     1
       Sacrifice Artific |       |     1 |       |       |       ||     1
       Reject Sacrifices |       |       |     1 |     1 |       ||     2
       Draw Out Power    |       |       |       |     3 |     1 ||     4
       Sacrifice Love    |       |       |       |     1 |       ||     1
  Use: Scroll            |       |     9 |     4 |    11 |    12 ||    36
       Potion            |       |       |     4 |    11 |     4 ||    19
 Stab: Sleeping          |     5 |     1 |     2 |     4 |       ||    12
       Distracted        |       |     1 |     1 |     2 |     4 ||     8
       Invisible         |       |       |     3 |     5 |     3 ||    11
       Held in net/web   |       |       |     1 |     1 |       ||     2
Armor: Robe              |    17 |     4 |       |       |       ||    21
       Leather armour    |       |    30 |    14 |       |       ||    44
       Steam dragon scal |       |       |    23 |    25 |       ||    48
       Chain mail        |       |       |       |   223 |    96 ||   319
       Plate armour      |       |       |       |       |   216 ||   216
Dodge: Dodged            |    75 |   113 |   109 |   329 |   284 ||   910
Block: Kite shield       |       |       |       |       |    15 ||    15
